 Dungeon Crawl Stone Soup version 0.31-a0-841-g038b102fc3 (webtiles) character file.

Game seed: 4544711205450031550

246 adelrune the Chopper (level 6, -6/49 HPs)
             Began as a Formicid Fighter on Sept 27, 2023.
             Killed by divine providence
             ... invoked by an orc priest
              (13 damage)
             ... on level 3 of the Dungeon.
             The game lasted 00:06:53 (3014 turns).

adelrune the Chopper (Formicid Fighter)             Turns: 3014, Time: 00:06:54

Health: -6/49      AC:  8    Str: 22    XL:     6   Next: 33%
Magic:  6/6        EV: 10    Int:  8    God:
Gold:   115        SH:  5    Dex: 13    Spells: 5/5 levels left

rFire   . . .        a - +0 war axe
rCold   . . .        c - +0 buckler
rNeg    . . .        q - +1 ring mail {Will+}
rPois   .            (helmet unavailable)
rElec   .            (no cloak)
rCorr   .            s - +1 pair of gloves
SInv    +            (no boots)
Will    +....        (no amulet)
Stlth   +            r - ring of wizardry
HPRegen 0.28/turn    (no ring)
MPRegen 0.10/turn

%: wizardry (x1)
@: no status effects
A: permanent stasis, dig shafts and tunnels, antennae 3, four strong arms
a: Dig, Shaft Self


You were on level 3 of the Dungeon.
You visited 1 branch of the dungeon, and saw 4 of its levels.

You collected 115 gold pieces.

Inventory:

Hand Weapons
 a - a +0 war axe (weapon)
 l - a +0 sling
Missiles
 j - 5 javelins
Armour
 b - a +0 scale mail
 c - a +0 buckler (worn)
 n - a +0 kite shield
 q - a +1 ring mail of willpower (worn)
 s - a +1 pair of gloves (worn)
Jewellery
 r - a ring of wizardry (left hand)
Wands
 t - a wand of charming (2)
Scrolls
 f - 5 scrolls of identify {unknown}
 i - 4 scrolls of teleportation {unknown}
 k - 2 scrolls of poison {unknown}
 o - a scroll of enchant weapon {unknown}
Potions
 d - a potion of might
 e - a potion of attraction {unknown}
 g - a potion of brilliance {unknown}
 h - 2 potions of enlightenment {unknown}
 m - 2 potions of heal wounds {unknown}
 p - a potion of curing {unknown}
 u - a potion of haste {unknown}
 v - a potion of degeneration {unknown}


   Skills:
 + Level 4.3 Fighting
 * Level 5.5 Axes
 - Level 3.2 Armour
 + Level 4.1 Shields


You had 5 spell levels left.
You didn't know any spells.
Your spell library contained the following spells:

 Spells                   Type           Power      Damage    Failure   Level
 Necrotise                Necr           0%         1d4       32%         1
 Vampiric Draining        Necr           0%         2d6       65%         3
 Agony                    Necr           0%         N/A       100%        5
 Arcjolt                  Conj/Air       0%         1d10      100%        5
 Maxwell's Capacitive Co  Air            0%         ∞         100%        8
 Vhi's Electric Charge    Tloc/Air       Unusable   N/A       N/A         4

Dungeon Overview and Level Annotations

Branches:
Dungeon (4/15)
 Temple: D:4-7

Altars:
Kikubaaqudgha
Trog

Shops:
D:3 *


Innate Abilities, Weirdness & Mutations

You cannot be hasted, slowed, berserked, paralysed or teleported.
You can dig through walls and to a lower floor.
You have a pair of large antennae on your head. (SInv)
Your four strong arms can wield two-handed weapons with a shield.


Message History

The orc priest hits you with a +0 whip.
You hit the orc priest but do no damage.
You hit the orc. The orc hits you but does no damage.
The orc priest calls down the wrath of Beogh upon you.
Beogh smites you!
* * * LOW HITPOINT WARNING * * *
The orc hits you with a +0 mace.
* * * LOW HITPOINT WARNING * * *
The orc priest hits you but does no damage.
You hit the orc priest.
The orc priest is lightly wounded.
You hit the orc. The orc hits you with a +0 mace.
* * * LOW HITPOINT WARNING * * *
You block the orc priest's attack.
You closely miss the orc priest.
The orc priest is lightly wounded.
You barely miss the orc. The orc hits you but does no damage.
The orc priest completely misses you.
You hit the orc but do no damage.
The orc is almost dead.
You closely miss the orc priest. The orc closely misses you.
The orc priest barely misses you.
You barely miss the orc.
The orc is almost dead.
You hit the orc priest. The orc hits you but does no damage.
You block the orc priest's attack. The orc completely misses you.
The orc priest hits you but does no damage.
You barely miss the orc.
The orc is almost dead.
You hit the orc priest but do no damage.
The orc hits you with a +0 mace.
* * * LOW HITPOINT WARNING * * *
The orc priest hits you with a +0 whip.
* * * LOW HITPOINT WARNING * * *
You hit the orc.
You kill the orc!
You slash the orc priest!
The orc priest mumbles some strange prayers to Beogh against you.
Beogh smites you!
You die...

.# #.# #.# #######.###### .#
#.########.# #.# .# #........#.#
#)# ## ########.#.# #.# #
#.#.############.#
#######.#......)...)...#
#.............##########
#.#####.#.###o###...# #### #.#
#......)@)......# #... #.#
#.#...###).##...# #.## #.#
#.###.# #..###.## ####.#
#####.###.###.###..##...###....#
......................#.....#####
#####.###.#######..##...##.......
#.###..........###.....######
#.............## #######
###############


You could see an orc priest.

Vanquished Creatures
  A scorpion (D:3)
  3 gnolls (D:3)
  9 adders
  3 worms
  A dart slug (D:2)
  3 orcs (D:3)
  7 ball pythons
  8 endoplasms
  4 goblins
  7 hobgoblins
  3 jackals (D:3)
  3 quokkas (D:1)
  7 bats
  2 frilled lizards (D:1)
  5 kobolds
  4 rats (D:1)
70 creatures vanquished.

Vanquished Creatures (others)
  A wizard (D:3)
1 creature vanquished.

Grand Total: 71 creatures vanquished

Notes
Turn   | Place    | Note
-------+----------+-------------------------------------------
     0 | D:1      | adelrune the Formicid Fighter began the quest for the Orb.
     0 | D:1      | Reached XP level 1. HP: 18/18 MP: 1/1
   224 | D:1      | Reached XP level 2. HP: 24/24 MP: 2/2
   715 | D:1      | Reached XP level 3. HP: 30/30 MP: 3/3
  1087 | D:2      | Reached skill level 3 in Axes
  1144 | D:2      | Found Rulacoit's General Store.
  1155 | D:2      | Reached XP level 4. HP: 28/37 MP: 4/4
  1574 | D:2      | Reached skill level 4 in Axes
  1785 | D:3      | Found Ojujaum's General Store.
  1790 | D:3      | Reached XP level 5. HP: 42/42 MP: 5/5
  2007 | D:3      | Reached skill level 5 in Axes
  2190 | D:3      | Reached XP level 6. HP: 29/48 MP: 6/6
  2675 | D:3      | Found a bloodstained altar of Trog.
  2801 | D:3      | Noticed a wizard
  2807 | D:3      | Killed a wizard
  2981 | D:4      | Found an ancient bone altar of Kikubaaqudgha.
  3014 | D:3      | Killed from afar by an orc priest

Illustrated notes

Levels and vault maps discovered:
D:1:      elethiomel_arrival_maze, layout_basic, roderic_serpentine_path
D:2:      layout_rooms, serial_shops, shop, chequers_hall_statues_wall_a
D:3:      layout_loops_ring, trog_wizard, serial_shops, shop,
          saegor_snake_ambush
D:4:      layout_gridville, mainiacjoe_overflow_boulevard, chequers_avenue,
          uniq_eustachio

Skill      XL: |  1  2  3  4  5 |
---------------+----------------+-----
Axes           | 3 4 5 |  5.5
Fighting       | 4 |  4.3
Armour         | |  3.2
Shields        | |  4.1

Action                     |  1- 3 |  4- 6 || total
---------------------------+-------+-------++-------
  Melee: War axe           |    87 |   153 ||   240
 Armour: Scale mail        |    47 |    28 ||    75
         Ring mail         |       |    90 ||    90
  Dodge: Dodged            |    49 |    83 ||   132
  Block: Buckler           |    32 |    35 ||    67

Table legend: (Time is in decaauts)
 A = Elapsed time spent in this place.
 B = Non-inter-level travel time spent in this place.
 C = Inter-level travel time spent in this place.
 D = Time resting spent in this place.
 E = Time spent auto-exploring this place.
 F = Levels seen in this place.
 G = Mean time per level.
                   A        B        C        D        E       F      G
               +--------+--------+--------+--------+--------+-----+--------+
         Total |   3120 |   3030 |     90 |    544 |   1692 |   4 |  780.0 |
       Dungeon |   3120 |   3030 |     90 |    544 |   1692 |   4 |  780.0 |
               +--------+--------+--------+--------+--------+-----+--------+

Top non-repeatable levels by time:
     D:1: 1199 daAuts
     D:3: 1189 daAuts
     D:2: 634 daAuts
     D:4: 97 daAuts
